 Dungeon Crawl Stone Soup version 0.28-a0-1382-g92835e5c71 (webtiles) character file.

Game seed: 8820228735053303344

195 Clumpoid the Shield-Bearer (level 5, -14/47 HPs)
             Began as a Gnoll Fighter on Jan 1, 2022.
             Killed from afar by Ijyb (34 damage)
             ... with a bolt of acid
             ... on level 3 of the Dungeon.
             The game lasted 00:02:19 (2154 turns).

Clumpoid the Shield-Bearer (Gnoll Fighter)          Turns: 2154, Time: 00:02:19

Health: -14/47     AC:  7    Str: 16    XL:     5   Next: 74%
Magic:  7/7        EV: 10    Int:  9    God:
Gold:   187        SH:  5    Dex: 11    Spells: 7/7 levels left

rFire   . . .      SeeInvis .   a - +0 trident
rCold   . . .      Faith    +   c - +0 buckler
rNeg    . . .      Spirit   .   b - +0 scale mail
rPois   .          Reflect  .   (no helmet)
rElec   .          Harm     .   (no cloak)
rCorr   .          Rampage  .   (no gloves)
Will    .....                   (no boots)
Stlth   ..........              h - amulet of faith
HPRegen 0.15/turn               (no ring)
MPRegen 0.10/turn               (no ring)

@: lethally poisoned (-14 -> -29)
A: fangs 1, strong nose, distributed training
a: no special abilities


You were on level 3 of the Dungeon.
You visited 1 branch of the dungeon, and saw 3 of its levels.

You collected 187 gold pieces.

Inventory:

Hand Weapons
 a - a +0 trident (weapon)
Armour
 b - a +0 scale mail (worn)
 c - a +0 buckler (worn)
Magical Staves
 k - a staff of fire
Jewellery
 h - an amulet of faith (around neck)
Scrolls
 f - a scroll of enchant armour
 i - a scroll of fear
Potions
 d - a potion of might


   Skills:
 + Level 6.7 Fighting
 + Level 1.6 Short Blades
 + Level 1.6 Long Blades
 + Level 1.6 Axes
 + Level 1.6 Maces & Flails
 + Level 4.8 Polearms
 + Level 1.6 Staves
 + Level 1.6 Slings
 + Level 1.6 Bows
 + Level 1.6 Crossbows
 + Level 1.6 Throwing
 + Level 6.7 Armour
 + Level 1.6 Dodging
 + Level 1.6 Stealth
 + Level 6.7 Shields
 + Level 1.6 Unarmed Combat
 + Level 1.6 Spellcasting
 + Level 1.3 Conjurations
 + Level 1.3 Hexes
 + Level 1.3 Summonings
 + Level 1.3 Necromancy
 + Level 1.3 Translocations
 + Level 1.3 Transmutations
 + Level 1.3 Fire Magic
 + Level 1.3 Ice Magic
 + Level 1.3 Air Magic
 + Level 1.3 Earth Magic
 + Level 1.3 Poison Magic
 + Level 1.8 Invocations
 + Level 1.6 Evocations


You had 7 spell levels left.
You didn't know any spells.
Your spell library was empty.

Dungeon Overview and Level Annotations

Branches:
Dungeon (3/15)

Altars:

Annotations:
D:3 Ijyb


Innate Abilities, Weirdness & Mutations

You have very sharp teeth.
Your uncanny sense of smell can sniff out nearby items.
Your experience applies equally to all skills.


Message History

Ijyb is nearby!
You closely miss Ijyb.
Ijyb is lightly wounded.
Ijyb hits you with a +0 dagger of venom.
You hit Ijyb but do no damage.
Ijyb is lightly wounded.
Ijyb hits you but does no damage.
You are poisoned.
You hit Ijyb but do no damage. Your bite misses Ijyb.
Ijyb is lightly wounded.
You feel very sick. Ijyb closely misses you.
You hit Ijyb but do no damage.
Ijyb is lightly wounded.
You feel sick.
Ijyb hits you with a +0 dagger of venom.
You are more poisoned.
You barely miss Ijyb.
Ijyb is lightly wounded.
You feel very sick.
Ijyb zaps a wand.
The bolt of acid misses you.
You puncture Ijyb!
Ijyb is heavily wounded.
You feel very sick. You block Ijyb's attack.
You barely miss Ijyb.
Ijyb is heavily wounded.
You feel sick. Ijyb hits you but does no damage.
You are more poisoned.
You hit Ijyb but do no damage.
Ijyb is heavily wounded.
You feel very sick. Ijyb hits you but does no damage.
You are more poisoned.
You closely miss Ijyb.
Ijyb is heavily wounded.
You feel very sick.
Ijyb zaps a wand.
The bolt of acid hits you!!
Ouch! That really hurt!
You die...

.. .$.....>#
#.##.......#
..."......# .....
#........# .....
#........# ....
#.......##### ....
#...........# #...
#.....@g.# ###.#.
####.†##....#
####...#. ##†## ##.#
.......[< #..#
###.####. ##.# #.
######### #†# #.
#.......# #.# # #.
#.......# #.# .. ##.
#.......#####(#####.#
#..###..


You could see Ijyb.

Vanquished Creatures
  An orc priest (D:2)
  2 orc wizards (D:2)
  5 adders
  A worm (D:2)
  5 dart slugs
  2 orcs
  2 bats
  5 endoplasms
  3 giant cockroaches
  6 goblins
  2 hobgoblins (D:1)
  3 jackals (D:1)
  5 quokkas
  A ball python (D:2)
  6 frilled lizards
  6 kobolds
  4 rats
59 creatures vanquished.

Notes
Turn   | Place    | Note
-------+----------+-------------------------------------------
     0 | D:1      | Clumpoid the Gnoll Fighter began the quest for the Orb.
     0 | D:1      | Reached XP level 1. HP: 23/23 MP: 1/1
    94 | D:1      | Reached XP level 2. HP: 27/29 MP: 2/2
   408 | D:1      | Reached XP level 3. HP: 35/35 MP: 3/3
   652 | D:2      | Reached skill level 1 in Invocations
   761 | D:2      | Reached skill level 1 in Short Blades
   761 | D:2      | Reached skill level 1 in Long Blades
   761 | D:2      | Reached skill level 1 in Axes
   761 | D:2      | Reached skill level 1 in Maces & Flails
   761 | D:2      | Reached skill level 1 in Staves
   761 | D:2      | Reached skill level 1 in Slings
   761 | D:2      | Reached skill level 1 in Bows
   761 | D:2      | Reached skill level 1 in Crossbows
   761 | D:2      | Reached skill level 1 in Throwing
   761 | D:2      | Reached skill level 1 in Dodging
   761 | D:2      | Reached skill level 1 in Stealth
   761 | D:2      | Reached skill level 1 in Unarmed Combat
   761 | D:2      | Reached skill level 1 in Spellcasting
   761 | D:2      | Reached skill level 1 in Evocations
   901 | D:2      | Reached XP level 4. HP: 32/41 MP: 5/5
  1071 | D:2      | Found a faded altar of an unknown god.
  1586 | D:2      | Reached skill level 1 in Conjurations
  1586 | D:2      | Reached skill level 1 in Hexes
  1586 | D:2      | Reached skill level 1 in Summonings
  1586 | D:2      | Reached skill level 1 in Necromancy
  1586 | D:2      | Reached skill level 1 in Translocations
  1586 | D:2      | Reached skill level 1 in Transmutations
  1586 | D:2      | Reached skill level 1 in Fire Magic
  1586 | D:2      | Reached skill level 1 in Ice Magic
  1586 | D:2      | Reached skill level 1 in Air Magic
  1586 | D:2      | Reached skill level 1 in Earth Magic
  1586 | D:2      | Reached skill level 1 in Poison Magic
  1598 | D:2      | Reached XP level 5. HP: 15/47 MP: 5/7
  2142 | D:3      | Noticed Ijyb
  2154 | D:3      | Killed from afar by Ijyb

Illustrated notes

Levels and vault maps discovered:
D:1:      heliophobic_arrival_henge, layout_rooms, corner_web_ring
D:2:      layout_loops_ring, dreamdust_ecumenical_altar_angels_and_demons,
          minmay_fractal_squares_gapless_5
D:3:      layout_rooms, uniq_ijyb

Skill      XL: |  1  2  3  4 |
---------------+-------------+-----
Invocations    | 1 |  1.8
Short Blades   | 1 |  1.6
Long Blades    | 1 |  1.6
Axes           | 1 |  1.6
Maces & Flails | 1 |  1.6
Staves         | 1 |  1.6
Slings         | 1 |  1.6
Bows           | 1 |  1.6
Crossbows      | 1 |  1.6
Throwing       | 1 |  1.6
Dodging        | 1 |  1.6
Stealth        | 1 |  1.6
Unarmed Combat | 1 |  1.6
Spellcasting   | 1 |  1.6
Evocations     | 1 |  1.6
Conjurations   | 1 |  1.3
Hexes          | 1 |  1.3
Summonings     | 1 |  1.3
Necromancy     | 1 |  1.3
Translocations | 1 |  1.3
Transmutations | 1 |  1.3
Fire Magic     | 1 |  1.3
Ice Magic      | 1 |  1.3
Air Magic      | 1 |  1.3
Earth Magic    | 1 |  1.3
Poison Magic   | 1 |  1.3
Fighting       | |  6.7
Polearms       | |  4.8
Armour         | |  6.7
Shields        | |  6.7

Action                   |  1- 3 |  4- 6 || total
-------------------------+-------+-------++-------
Melee: Trident           |   116 |   112 ||   228
       Bite              |     6 |    10 ||    16
  Use: Scroll            |     4 |     2 ||     6
       Potion            |     1 |     2 ||     3
Armor: Scale mail        |    39 |    47 ||    86
Dodge: Dodged            |    36 |    35 ||    71
Block: Buckler           |    20 |    17 ||    37

Table legend: (Time is in decaauts)
 A = Elapsed time spent in this place.
 B = Non-inter-level travel time spent in this place.
 C = Inter-level travel time spent in this place.
 D = Time resting spent in this place.
 E = Time spent auto-exploring this place.
 F = Levels seen in this place.
 G = Mean time per level.
                   A        B        C        D        E       F      G
               +--------+--------+--------+--------+--------+-----+--------+
         Total |   2153 |   2105 |     48 |    427 |   1238 |   3 |  717.7 |
       Dungeon |   2153 |   2105 |     48 |    427 |   1238 |   3 |  717.7 |
               +--------+--------+--------+--------+--------+-----+--------+

Top non-repeatable levels by time:
     D:2: 1445 daAuts
     D:1: 547 daAuts
     D:3: 160 daAuts
